 Dungeon Crawl Stone Soup version 0.30-a0-457-g4b7bca3bfa (webtiles) character file.

Game seed: 4269004914542830858

663747 cforsyth the Conqueror (level 27, -43/327 HPs)
             Began as a Minotaur Berserker on Dec 13, 2022.
             Was the Champion of Trog.
             Killed from afar by an orb of fire (45 damage)
             ... with a fireball
             ... on level 5 of the Realm of Zot.
             The game lasted 03:35:48 (105842 turns).

cforsyth the Conqueror (Minotaur Berserker)       Turns: 105842, Time: 03:35:48

Health: -43/327    AC: 39    Str: 45      XL:     27
Magic:  17/17      EV: 18    Int:  6 (8)  God:    Trog [******]
Gold:   7808       SH: 15    Dex: 12 (16) Spells: 26/26 levels left

rFire   + . .      SeeInvis .    S - +6 broad axe of Execution {vorpal, rN+ Str+7}
rCold   + + .      Faith    .    T - +2 kite shield {rC+}
rNeg    + . .      Spirit   .    r - +6 gold dragon scales
rPois   +          Reflect  .    (helmet unavailable)
rElec   +          Harm     .    f - +3 cloak "Gywk" {-Cast rPois rCorr Dex+4}
rCorr   +          Rampage  .    A - +1 pair of gloves {Str+3}
Will    +++..      NoCast   +    Z - +2 pair of boots
Stlth   ..........               h - amulet of Vitality {RegenMP++ Regen++}
HPRegen 2.34/turn                D - ring of the Komodo Dragon {+Blink Fly rElec Will+ Int+4 Dex+4}
MPRegen 0.95/turn                u - ring "Peffeka" {Str+3 Slay+4}

@: berserking (expiring), flying, very slightly contaminated, studying Staves,
very quick
A: horns 3, retaliatory headbutt, talons 1, clumsy 2, deformed body,
deterioration 1, dopey 1, frail 2, low MP 2, MP-powered wands
}: 4/15 runes: serpentine, barnacled, slimy, silver
a: Renounce Religion, Evoke Blink, Berserk, Trog's Hand, Brothers in Arms


You were on level 5 of the Realm of Zot.
You worshipped Trog.
Trog was exalted by your worship.
You visited 11 branches of the dungeon, and saw 53 of its levels.
You visited the Abyss 1 time.
You also visited: Sewer and Ice Cave.

You collected 8753 gold pieces.
You spent 945 gold pieces at shops.

Inventory:

Hand Weapons
 s - the +10 broad axe of Dim Light {vorpal, rCorr}
   (Trog gifted it to you on level 12 of the Dungeon)

   It inflicts extra damage upon your enemies.
   rCorr:     It protects you from acid and corrosion.
 Q - the +2 great mace "Owe Haub" {freeze, rC+ Str+6}
   (You found it on level 12 of the Dungeon)

   It freezes those it strikes, dealing additional cold damage.
   It can also slow down cold-blooded creatures.
   Str:       It affects your strength (+6).
   rC:        It protects you from cold.
 S - the +6 broad axe of Execution (weapon) {vorpal, rN+ Str+7}
   (Trog gifted it to you on level 4 of the Pits of Slime)

   It inflicts extra damage upon your enemies.
   Str:       It affects your strength (+7).
   rN:        It protects you from negative energy.
Armour
 d - a +0 chain mail
 f - the +3 cloak "Gywk" (worn) {-Cast rPois rCorr Dex+4}
   (You found it on level 4 of the Vaults)

   Dex:       It affects your dexterity (+4).
   rPois:     It protects you from poison.
   -Cast:     It prevents spellcasting.
   rCorr:     It protects you from acid and corrosion.
 r - +6 gold dragon scales (worn)
 A - a +1 pair of gloves of strength (worn)
 T - a +2 kite shield of cold resistance (worn)
 U - a scarf of resistance
 Y - the +0 cloak "Obbeus" {rF- rN++ Regen+}
   (You found it on level 1 of the Shoals)

   rF:        It makes you vulnerable to fire.
   rN:        It greatly protects you from negative energy.
   Regen:     It increases your rate of health regeneration.
 Z - a +2 pair of boots (worn)
Jewellery
 h - the amulet of Vitality (around neck) {RegenMP++ Regen++}
   (You found it on level 5 of the Pits of Slime)

   [amulet of magic regeneration]

   It increases your rate of magic regeneration.
   Regen:     It increases your rate of health regeneration.
 k - an amulet of the acrobat
 m - a ring of positive energy
 u - the ring "Peffeka" (right hand) {Str+3 Slay+4}
   (You took it off a deep elf annihilator on level 3 of the Elven Halls)

   [ring of slaying]

   Str:       It affects your strength (+3).
   Slay:      It affects your accuracy & damage with ranged weapons and melee
   (+4).
 z - a ring of protection from fire
 D - the ring of the Komodo Dragon (left hand) {+Blink Fly rElec Will+ Int+4 Dex+4}
   (You took it off a yaktaur captain on level 3 of the Vaults)

   [ring of flight]

   Int:       It affects your intelligence (+4).
   Dex:       It affects your dexterity (+4).
   rElec:     It insulates you from electricity.
   Fly:       It grants you flight.
   +Blink:    It lets you blink.
   Will:      It increases your willpower.
 O - a +6 ring of intelligence
 R - a ring of see invisible
 W - a ring of positive energy
Wands
 o - a wand of mindburst (15)
 y - a wand of flame (59)
 C - a wand of roots (40)
 H - a wand of digging (29)
 I - a wand of light (26)
 N - a wand of charming (6)
 P - a wand of polymorph (9)
Scrolls
 a - 5 scrolls of fog
 l - 11 scrolls of teleportation
 n - 16 scrolls of vulnerability
 t - 6 scrolls of blinking
 v - 3 scrolls of magic mapping
 w - 10 scrolls of immolation
 B - 10 scrolls of fear
 F - 4 scrolls of butterflies
 G - 5 scrolls of torment
 J - 3 scrolls of silence
Potions
 b - 8 potions of cancellation
 c - 12 potions of lignification
 e - 8 potions of heal wounds
 g - 7 potions of might
 i - 22 potions of curing
 j - 12 potions of invisibility
 p - 2 potions of magic
 q - 2 potions of berserk rage
 x - 10 potions of mutation
 E - 5 potions of attraction
 K - 5 potions of ambrosia
 M - 3 potions of haste
 V - a potion of resistance
Miscellaneous
 L - the horn of Geryon


   Skills:
 O Level 27 Fighting
 O Level 27 Axes
 O Level 27 Armour
 + Level 25.0 Dodging
 - Level 15.0 Shields
 - Level 16.3 Evocations


You had 26 spell levels left.
You didn't know any spells.
Your spell library was empty.

Dungeon Overview and Level Annotations

Branches:
Dungeon (15/15)            Temple (0/1) D:6            Lair (5/5) D:9
 Shoals (4/4) Lair:3        Snake (4/4) Lair:3        Slime (5/5) Lair:4
    Orc (2/2) D:12            Elf (3/3) Orc:2        Vaults (5/5) D:14
  Crypt (0/3) Vaults:2     Depths (4/4) D:15           Hell (visited)
    Dis (0/7) Hell            Geh (0/7) Hell            Coc (0/7) Hell
    Tar (0/7) Hell            Zot (5/5) Depths:4      Sewer (visited)
  IceCv (visited)

Altars:
Elyvilon
Okawaru
Qazlal
Vehumet
Wu Jian
Xom
Yredelemnul
Jiyva
Lugonu

Shops:
D:4 [   D:8 *   Orc:2 [:[=   Elf:2 *   Shoals:3 =:!![   Snake:1 !=   Vaults:1 [
Vaults:2 [(=*   Vaults:5 (   Depths:1 :=:

Portals:
Hell: Depths:1 Depths:2 Depths:3 Depths:4
Abyss: Lair:5 Depths:2 Depths:3
Pandemonium: Depths:1 Depths:2 Depths:3
Ziggurat: Depths:1
Trove: Depths:1 (give 8 scrolls of fog)

Annotations:
D:5 1 runed translucent door, Crazy Yiuf
D:12 2 runed translucent doors, Cancer's ghost, journeyman GrEE
Shoals:4 Roxanne
Vaults:2 1 transporter
Vaults:3 3 runed translucent doors, cforsyth's ghost, adept MiBe


Innate Abilities, Weirdness & Mutations

You have a pair of large horns on your head.
You reflexively headbutt those who attack you in melee.
You have sharp toenails.
You are very clumsy. (Dex -4)
Armour fits poorly on your strangely shaped body.
Your body sometimes deteriorates upon taking damage.
You are dopey. (Int -2)
You are very frail. (-20% HP)
Your magical capacity is very low. (-20% MP)
You expend magic power (3 MP) to strengthen your wands.


Message History

You miss the orb of fire.
The orb of fire is moderately damaged.
You hit the orb of fire but do no damage.
You slash the orb of fire!
The orb of fire glows deep purple.
The bolt of fire hits you!! You resist.
* * * LOW HITPOINT WARNING * * *
Unknown command.
You hit the orb of fire but do no damage.
You headbutt the orb of fire!!
The orb of fire is moderately damaged.
You closely miss the orb of fire. You completely miss the orb of fire.
The orb of fire glows deep purple.
The bolt of fire hits you. You resist.
* * * LOW HITPOINT WARNING * * *
The orb of fire emits a lurid red light.
The fireball explodes!
The fireball engulfs you! You resist.
* * * LOW HITPOINT WARNING * * *
The fireball engulfs the orb of fire.
The orb of fire completely resists.
The fireball engulfs the orb of fire.
The orb of fire completely resists.
The fireball engulfs the orb of fire.
The orb of fire completely resists.
Unknown command.
You slice the orb of fire!! You headbutt the orb of fire!!
The orb of fire is moderately damaged.
You miss the orb of fire. You closely miss the orb of fire.
The orb of fire glows deep purple.
The bolt of fire hits the orb of fire.
The orb of fire completely resists.
The bolt of fire hits you! You resist.
* * * LOW HITPOINT WARNING * * *
Unknown command.
Unknown command.
You slice the orb of fire!! You headbutt the orb of fire!
The orb of fire is severely damaged.
You slice the orb of fire!! You slash the orb of fire!
The orb of fire glows bright magenta.
The bolt of fire hits you!! You resist.
* * * LOW HITPOINT WARNING * * *
The orb of fire emits a lurid red light.
The fireball explodes!
The fireball engulfs you!!! You resist.
You die...

#.###.##....#..#.........###
##.#####...######.......##.###
.'.###.....#....##..⌠..##.[#.#
##..##....##.....##..)##...#.##
#........##...#...###'##..##..#
#...#......##.###.*##..##.....#
....#..#####...**..#...#......##
...##.##.##....###*#.#.........##
...#...^##....##@**..##....#....#
.####...#.*...#.**#####..####...#
.....)..#...###.#.##..##..#.#...#
#####........####......#.###....#
#.##...[##.....##.....####......#
.....................## #....###
.....§######.......### ##......
...........###.....# ##.....
###X######## ▓▓▓####*******#####▓


You could see 5 orbs of fire.

Vanquished Creatures
  the Royal Jelly (Slime:5)
  Dissolution (Slime:2)
  2 orbs of fire (Zot:5)
  A dread lich (Vaults:5)
  Mara (Shoals:4)
  Vv (Depths:2)
  Bai Suzhen (Vaults:4)
  12 golden dragons
  Vashnia (Snake:2)
  Geryon (Hell)
  3 bone dragons (Depths:4)
  An iron giant (Hell)
  3 electric golems
  Mlioglotl (Snake:2)
  18 tentacled monstrosities
  2 deep elf master archers (Elf:3)
  7 Orb Guardians (Zot:5)
  4 liches
  3 quicksilver dragons
  5 deep elf blademasters
  7 titans
  26 acid blobs
  5 sphinxes
  9 death cobs
  A thorn hunter (D:13)
  4 tengu reavers
  14 storm dragons
  6 shadow dragons
  14 rockslimes
  16 azure jellies
  A daeva (Abyss:3)
  5 draconian monks
  8 nagarajas
  The ghost of Tolur the Eclecticist, an adept DEFE of Vehumet (D:15)
  6 fire giants
  6 draconian knights
  23 vault wardens
  Louise (Snake:2)
  11 frost giants
  8 deep elf sorcerers
  3 balrugs
  Aizul (Snake:1)
  3 iron dragons
  A ghost moth (shapeshifter) (Lair:5)
  10 draconian scorchers
  6 deep elf elementalists (Elf:3)
  The ghost of Hizuomou the Alchemist, a journeyman OpTm of Cheibriados (Snake:4)
  4 draconian shifters
  4 spriggan defenders
  A caustic shrike skeleton (Abyss:3)
  8 draconian stormcallers
  20 quicksilver oozes
  2 war gargoyles
  6 reapers
  8 draconian annihilators
  12 ironbound preservers
  2 orc warlords
  6 ironbound thunderhulks
  9 very ugly things
  Nessos (Lair:5)
  18 stone giants
  7 deep elf demonologists
  13 deep elf annihilators
  The ghost of Zugaegat the Spry, a journeyman DEDe of Ru (Shoals:1)
  A lorocyproca (Depths:1)
  4 vampire knights
  15 green draconians
  14 red draconians
  11 yellow draconians
  6 dire elephants
  8 purple draconians
  11 black draconians
  8 spark wasps
  9 white draconians
  A green death (Hell)
  2 blizzard demons (Hell)
  4 crystal guardians
  10 ettins
  11 deep elf death magi
  3 iron golems (Hell)
  Josephine (Lair:5)
  7 deep elf high priests
  10 fire dragons
  9 merfolk impalers
  5 merfolk javelineers
  2 jiangshi (Depths:1)
  16 great orbs of eyes
  17 yaktaur captains
  5 rakshasas
  Erolcha (D:10)
  3 entropy weavers
  The ghost of innerfire433 the Fighter, a journeyman DsMo of Cheibriados (D:10)
  5 salamander tyrants (Snake:4)
  49 vault guards
  10 hydras
  9 ironbound frosthearts
  14 anacondas
  A caustic shrike simulacrum (Hell)
  2 catoblepae
  4 ice dragons
  A quicksilver dragon skeleton (Hell)
  2 peacekeepers
  A spriggan skeleton (Hell)
  An alligator snapping turtle (Shoals:4)
  A fenstrider witch skeleton (Hell)
  8 ogre magi
  24 two-headed ogres
  2 spriggan air magi (Depths:3)
  23 centaur warriors
  23 dancing weapons
  6 merfolk avatars
  2 satyrs
  A two-headed ogre (shapeshifter) (D:10)
  5 boulder beetles
  6 merfolk aquamancers
  10 naga warriors
  9 deep troll shamans
  10 deep troll earth magi
  6 death yaks
  9 spriggan berserkers
  2 vampire magi (Depths:1)
  4 hell hogs (Hell)
  4 thrashing horrors
  14 naga sharpshooters
  6 tengu warriors
  7 shock serpents
  18 deep elf knights
  9 sun demons
  25 hell knights
  3 skeletal warriors
  A storm dragon zombie (Hell)
  A titan skeleton (Hell)
  4 salamander mystics
  5 soul eaters
  2 shadow wraiths
  A wretched star (Abyss:3)
  A fire crab (shapeshifter) (D:14)
  15 iron trolls
  2 spriggan druids (Depths:3)
  2 golden dragon zombies
  37 sea snakes
  A bunyip zombie (Hell)
  A flayed ghost (Depths:4)
  An orb spider (shapeshifter) (D:12)
  A shadow dragon zombie (Hell)
  5 glowing orange brains
  36 deep trolls
  6 phantasmal warriors
  5 naga ritualists
  A glowing orange brain (shapeshifter) (Vaults:3)
  21 ironbound convokers
  27 deep elf pyromancers
  8 orc knights
  11 deep elf archers
  2 tengu zombies
  2 orange crystal statues (IceCv)
  21 harpies
  Pikel (D:5)
  An anaconda skeleton (Hell)
  22 deep elf zephyrmancers
  6 wizards
  13 necromancers
  An iron dragon zombie (Hell)
  A cyclops (shapeshifter) (Elf:1)
  A wolf spider (D:12)
  2 frost giant zombies
  29 ugly things
  5 mana vipers
  14 cyclopes
  8 fauns
  A fire giant zombie (Hell)
  3 orc sorcerers
  2 stone giant zombies (Hell)
  2 oklob plants (Shoals:2)
  8 large abominations
  11 salamanders
  16 manticores
  22 moths of wrath
  7 shining eyes
  3 rust devils (Hell)
  9 smoke demons
  A guardian serpent (shapeshifter) (D:10)
  10 elephants
  12 naga magi
  A torpor snail (Lair:5)
  A centaur zombie (D:15)
  9 water nymphs
  A black mamba (shapeshifter) (D:10)
  8 guardian serpents
  3 eyes of devastation
  A cane toad (shapeshifter) (D:13)
  36 black mambas
  23 vault sentinels
  7 cane toads
  2 molten gargoyles (Hell)
  A naga zombie (Hell)
  7 merfolk sirens
  4 rime drakes
  A hellion (Depths:1)
  A yaktaur (shapeshifter) (Vaults:5)
  6 komodo dragons
  2 unseen horrors
  An anaconda simulacrum (Hell)
  4 tengu conjurers
  3 efreet
  5 freezing wraiths
  An ice devil (Depths:1)
  A komodo dragon (shapeshifter) (Vaults:3)
  30 yaktaurs
  28 merfolk
  3 polar bears
  A queen bee (shapeshifter) (Vaults:5)
  An ancient zyme (Lair:5)
  4 wind drakes
  A hydra zombie (Hell)
  A tarantella (shapeshifter) (D:10)
  4 hydra skeletons (Hell)
  A sea snake skeleton (Hell)
  4 meliai
  A harpy skeleton (Hell)
  A tarantella (Vaults:4)
  6 trolls
  18 blink frogs
  161 slime creatures
  9 hornets
  A slime creature (shapeshifter) (Vaults:3)
  11 snapping turtles
  A blink frog (shapeshifter) (D:15)
  3 raiju (Abyss:3)
  3 spriggan zombies
  13 dream sheep
  2 ettin zombies (Hell)
  Sigmund (D:3)
  4 air elementals
  An ice dragon skeleton (Hell)
  2 spriggans (shapeshifter)
  A fire dragon skeleton (Hell)
  14 water elementals
  26 spriggans
  4 ynoxinuls
  6 wyverns
  A yak (shapeshifter) (Elf:1)
  38 yaks
  4 shadows
  2 vampires (D:12)
  23 golden eyes
  A fire elemental (Elf:1)
  3 steam dragons
  6 wraiths
  3 vampire mosquitoes (D:12)
  12 basilisks
  3 neqoxecs
  A chaos spawn (Abyss:3)
  A sea snake simulacrum (Hell)
  3 redbacks
  A water moccasin (shapeshifter) (Elf:3)
  2 two-headed ogre zombies (D:12)
  6 wargs
  43 nagas
  2 acid dragons
  20 water moccasins
  2 floating eyes
  25 orc warriors
  A sky beast (D:6)
  A black bear (D:6)
  3 great orb of eyes simulacra (IceCv)
  7 small abominations
  7 starcursed masses (Abyss:3)
  A hornet zombie (D:15)
  An alligator simulacrum (Hell)
  32 ogres
  5 wolves (Lair:5)
  5 centaurs
  3 boggarts (Vaults:1)
  4 slime creature simulacra (IceCv)
  2 lemures (D:5)
  3 phantoms
  Blork the orc (D:4)
  9 bullfrogs
  6 kobold brigands (Sewer)
  An earth elemental (Elf:1)
  3 gnoll sergeants
  3 scorpions
  4 glowing shapeshifter simulacra (IceCv)
  14 wights
  3 troll zombies (D:12)
  17 killer bees
  3 howler monkeys
  7 electric eels
  A quasit (Abyss:3)
  25 orc priests
  A hound (shapeshifter) (D:10)
  2 jellies (D:6)
  3 hounds
  A gnoll bouda (D:5)
  An iron imp (Abyss:3)
  3 iguanas
  29 orc wizards
  6 hell rats (Hell)
  Terence (D:3)
  3 ogre zombies (D:12)
  Robin (D:3)
  16 gnolls
  2 river rats (Sewer)
  20 adders
  A shadow imp (D:6)
  A white imp (D:8)
  2 ufetubi (D:6)
  10 worms
  A dart slug (D:4)
  75 orcs
  17 ball pythons
  A bat (D:1)
  7 endoplasms
  9 giant cockroaches
  13 goblins
  16 hobgoblins
  10 jackals
  9 kobolds
  4 quokkas
  3 frilled lizards
  3 goblin skeletons (D:12)
  4 goblin zombies (D:12)
  A hobgoblin skeleton (D:12)
  2 hobgoblin zombies (D:12)
  3 orc skeletons (D:12)
  12 orc zombies (D:12)
  7 rats
  5 briar patches (D:13)
2525 creatures vanquished.

Vanquished Creatures (others)
  An eldritch tentacle (Zot:5)
  A draconian knight (Zot:4)
  A deep elf sorcerer (Elf:3)
  A draconian shifter (Zot:4)
  A black draconian (Zot:3)
  2 deep elf knights (Elf:2)
  A sea snake (Shoals:1)
  A deep elf zephyrmancer (Elf:3)
  2 slime creatures (Slime:5)
  A golden eye (Slime:5)
  28 fungi
  215 plants
  4 withered plants
259 creatures vanquished.

Grand Total: 2784 creatures vanquished

Notes
Turn   | Place    | Note
-------+----------+-------------------------------------------
     0 | D:1      | cforsyth the Minotaur Berserker began the quest for the
                  | Orb.
     0 | D:1      | Reached XP level 1. HP: 19/19 MP: 0/0
   137 | D:1      | Reached XP level 2. HP: 27/27 MP: 1/1
   553 | D:2      | Reached XP level 3. HP: 31/33 MP: 2/2
   737 | D:2      | You fall into a shaft and drop 1 floor!
   787 | D:3      | Noticed Terence
   793 | D:3      | Killed Terence
   864 | D:3      | Noticed Sigmund
   878 | D:3      | Reached XP level 4. HP: 35/41 MP: 3/3
   879 | D:3      | Killed Sigmund
   880 | D:3      | Reached skill level 5 in Fighting
   880 | D:3      | Reached skill level 5 in Axes
   880 | D:3      | Reached XP level 5. HP: 40/48 MP: 4/4
   901 | D:3      | Reached ** piety under Trog
   910 | D:3      | Noticed Robin
   929 | D:3      | Killed Robin
  1051 | D:3      | Reached XP level 6. HP: 56/56 MP: 5/5
  1253 | D:3      | Found a glowing drain.
  1258 | Sewer    | Entered a sewer
  2378 | Sewer    | Reached skill level 5 in Armour
  2378 | Sewer    | Reached XP level 7. HP: 48/62 MP: 6/6
  2493 | Sewer    | Reached *** piety under Trog
  2761 | Sewer    | Reached skill level 5 in Dodging
  3464 | D:2      | Found a stormy altar of Qazlal.
  3627 | D:2      | Found a faded altar of an unknown god.
  4263 | D:4      | Found Tonlyala's Antique Armour Shoppe.
  4539 | D:4      | Reached XP level 8. HP: 55/71 MP: 7/7
  4947 | D:4      | Reached **** piety under Trog
  5223 | D:4      | Noticed Blork the orc
  5236 | D:4      | Killed Blork the orc
  5980 | D:5      | Entered Level 5 of the Dungeon
  6139 | D:5      | Noticed Pikel
  6178 | D:5      | Killed Pikel
  6437 | D:5      | Reached XP level 9. HP: 42/81 MP: 8/8
  7165 | D:5      | Found a runed translucent door.
  7166 | D:5      | Noticed Crazy Yiuf
  7993 | D:6      | Found a staircase to the Ecumenical Temple.
  9875 | D:8      | Reached XP level 10. HP: 90/91 MP: 9/9
  9890 | D:8      | Noticed a two-headed ogre
  9902 | D:8      | Killed a two-headed ogre
 10223 | D:8      | Reached skill level 10 in Axes
 10448 | D:8      | Found a shimmering altar of Xom.
 10471 | D:8      | Found Beips's General Store.
 10496 | D:8      | Reached skill level 10 in Fighting
 10997 | D:8      | Bought a scroll of identify for 24 gold pieces
 11257 | D:9      | Found a staircase to the Lair.
 11279 | D:9      | Noticed a two-headed ogre
 11287 | D:9      | Killed a two-headed ogre
 11288 | D:9      | Reached skill level 10 in Armour
 11965 | D:9      | Reached ***** piety under Trog
 12027 | D:9      | Found a white marble altar of Elyvilon.
 12364 | D:10     | Entered Level 10 of the Dungeon
 12451 | D:10     | Reached XP level 11. HP: 97/101 MP: 10/10
 12523 | D:10     | Noticed a two-headed ogre
 12529 | D:10     | Killed a two-headed ogre
 12573 | D:10     | Found a runed translucent gate.
 12574 | D:10     | Found a runed translucent gate.
 12574 | D:10     | Found a runed translucent gate.
 12575 | D:10     | Noticed a glowing orange brain
 12575 | D:10     | Noticed a green ugly thing
 12575 | D:10     | Noticed a purple ugly thing
 12576 | D:10     | Noticed a cyan ugly thing
 12576 | D:10     | Noticed a red ugly thing
 12587 | D:10     | Paralysed by a hornet for 1 turns
 12596 | D:10     | Reached skill level 10 in Dodging
 12622 | D:10     | Noticed Erolcha
 12634 | D:10     | Killed Erolcha
 12891 | D:10     | Noticed a two-headed ogre
 12895 | D:10     | Killed a two-headed ogre
 13111 | D:10     | Identified the +2 ring mail of the Guild-Master {*Corrode
                  | rF+ rC+ SInv}
 13367 | D:11     | Noticed a two-headed ogre
 13368 | D:11     | Noticed a two-headed ogre
 13376 | D:11     | Killed a two-headed ogre
 13377 | D:11     | Killed a two-headed ogre
 13918 | D:11     | Noticed a two-headed ogre
 13925 | D:11     | Killed a two-headed ogre
 15335 | Lair:1   | Entered Level 1 of the Lair of Beasts
 15342 | Lair:1   | Reached skill level 1 in Shields
 15599 | Lair:1   | Reached XP level 12. HP: 95/112 MP: 11/11
 18216 | Lair:3   | Noticed a seven-headed hydra
 18410 | Lair:3   | Killed an 11-headed hydra
 18411 | Lair:3   | Reached skill level 5 in Shields
 18422 | Lair:3   | Noticed a five-headed hydra
 18743 | Lair:3   | Killed a seven-headed hydra
 18892 | Lair:3   | Found a staircase to the Shoals.
 19159 | Lair:3   | Noticed a boulder beetle
 19162 | Lair:3   | Noticed a death yak
 19172 | Lair:3   | Killed a death yak
 19173 | Lair:3   | Reached XP level 13. HP: 109/122 MP: 12/12
 20163 | Lair:3   | Found a staircase to the Snake Pit.
 21351 | Lair:4   | Found a staircase to the Slime Pits.
 21355 | Lair:4   | Found a viscous altar of Jiyva.
 21564 | Lair:5   | Entered Level 5 of the Lair of Beasts
 21743 | Lair:5   | Noticed Nessos
 21955 | Lair:5   | Killed Nessos
 22837 | Lair:5   | Noticed Josephine
 22851 | Lair:5   | Killed Josephine
 23165 | Lair:5   | Received a gift from Trog
 23393 | Lair:5   | Reached XP level 14. HP: 127/133 MP: 13/13
 23663 | Lair:5   | Reached skill level 15 in Axes
 23727 | Lair:5   | Reached skill level 15 in Fighting
 23898 | Lair:5   | Killed a ghost moth
 24300 | Lair:5   | Reached skill level 15 in Armour
 24319 | Lair:5   | Found a corrupted altar of Lugonu.
 24319 | Lair:5   | Found a one-way gate to the infinite horrors of the Abyss.
 24962 | D:10     | Found a runed translucent gate.
 24962 | D:10     | Found a runed translucent gate.
 24969 | D:10     | Noticed innerfire433's ghost (journeyman DsMo)
 24969 | D:10     | Found a runed translucent gate.
 24994 | D:10     | Killed innerfire433's ghost
 26735 | D:12     | Found a staircase to the Orcish Mines.
 26814 | D:12     | Identified the +10 broad axe of Dim Light {vorpal, rCorr}
                  | (Trog gifted it to you on level 12 of the Dungeon)
 26814 | D:12     | Received a gift from Trog
 26959 | D:12     | Found a large runed translucent door.
 26959 | D:12     | Found a large runed translucent door.
 26974 | D:12     | Noticed Cancer's ghost (journeyman GrEE)
 27282 | D:12     | Identified the +1 leather armour "Birghef" {Str+3 Dex+2
                  | Stlth+}
 27813 | D:12     | Identified the +2 great mace "Owe Haub" {freeze, rC+ Str+6}
 27818 | D:12     | Identified the +2 dagger of Wywouf {vamp, rC+ rN+ Int-5}
 27867 | Orc:1    | Entered Level 1 of the Orcish Mines
 28073 | Orc:2    | Entered Level 2 of the Orcish Mines
 28590 | Orc:2    | Reached XP level 15. HP: 67/144 MP: 14/14
 29077 | Orc:2    | Found Kamoalil's Armour Emporium.
 29077 | Orc:2    | Found Offeben's Book Shop.
 29078 | Orc:2    | Found Apaera's Armour Shop.
 29078 | Orc:2    | Found Awoqaif's Jewellery Shoppe.
 29096 | Orc:2    | Received a gift from Trog
 29098 | Orc:2    | Reached skill level 15 in Dodging
 29822 | Orc:2    | Found a staircase to the Elven Halls.
 29856 | Orc:2    | Received a gift from Trog
 30595 | D:8      | Bought a scroll of enchant weapon for 90 gold pieces
 30851 | D:4      | Bought a pair of jewelled gloves for 209 gold pieces
 30851 | D:4      | Identified the +0 pair of gloves of Fedhas's Benevolence
                  | {-Tele rPois Str+4 Dex+4} (You bought it in a shop on level
                  | 4 of the Dungeon)
 30851 | D:4      | Bought a pair of glowing gloves for 165 gold pieces
 30865 | D:4      | Bought a pair of embroidered boots for 165 gold pieces
 31318 | D:13     | Found the +1 robe of Vines {NoPotionHeal Regen++++}
 31332 | D:13     | Noticed a thorn hunter
 31344 | D:13     | Killed a thorn hunter
 32219 | D:13     | Noticed a frost giant
 32297 | D:13     | Identified the +4 war axe "Tazalini" {drain, Int+4}
 32301 | D:13     | Killed a frost giant
 32371 | D:13     | Noticed a shadow dragon
 32608 | D:13     | Killed a shadow dragon
 32988 | D:13     | Identified the +0 plate armour of the Saviour {rC- Will++
                  | rCorr}
 33113 | D:14     | Found a gate to the Vaults.
 33687 | D:14     | Reached XP level 16. HP: 155/155 MP: 15/15
 33904 | D:14     | Found a radiant altar of Vehumet.
 34415 | D:15     | Entered Level 15 of the Dungeon
 34644 | D:15     | Found a staircase to the Depths.
 35216 | D:15     | Found a runed translucent gate.
 35216 | D:15     | Found a runed translucent gate.
 35216 | D:15     | Found a runed translucent gate.
 35216 | D:15     | Noticed Tolur's ghost (adept DEFE)
 35218 | D:15     | Found a basalt altar of Yredelemnul.
 35263 | D:15     | Killed Tolur's ghost
 35867 | Snake:1  | Entered Level 1 of the Snake Pit
 35872 | Snake:1  | Noticed Aizul
 35884 | Snake:1  | Killed Aizul
 36139 | Snake:1  | Found a frozen archway.
 36148 | Snake:1  | Identified the +8 executioner's axe of Unuxawit {flame,
                  | rElec Str+3} (Trog gifted it to you on level 1 of the Snake
                  | Pit)
 36148 | Snake:1  | Received a gift from Trog
 36168 | IceCv    | Entered an ice cave
 37237 | IceCv    | Found a viscous altar of Jiyva.
 37263 | IceCv    | Got the ring of Ashenzari's Generosity {Ice Slay+2}
 37428 | Snake:1  | Found Hewihaes's Jewellery Shop.
 37436 | Snake:1  | Found Hiloech's Distillery.
 37813 | Snake:1  | Reached ****** piety under Trog
 38851 | Snake:2  | Found an ornate altar of the Wu Jian Council.
 38861 | Snake:2  | Noticed Vashnia
 39145 | Snake:2  | Killed Vashnia
 39649 | Snake:2  | Reached XP level 17. HP: 141/166 MP: 16/16
 39668 | Snake:2  | Noticed Mlioglotl
 39717 | Snake:2  | Killed Mlioglotl
 40238 | Snake:2  | Noticed Louise
 40722 | Snake:2  | Killed Louise
 40952 | Snake:3  | Received a gift from Trog
 42369 | Snake:4  | Entered Level 4 of the Snake Pit
 43038 | Snake:3  | Received a gift from Trog
 43942 | Snake:4  | Found a runed translucent door.
 43942 | Snake:4  | Noticed Hizuomou's ghost (journeyman OpTm)
 45957 | Snake:4  | Received a gift from Trog
 47215 | Snake:3  | Reached XP level 18. HP: 127/180 MP: 17/17
 48631 | Snake:4  | Got a serpentine rune of Zot
 48815 | Snake:4  | Killed Hizuomou's ghost
 48969 | Shoals:1 | Entered Level 1 of the Shoals
 49007 | Shoals:1 | Identified the +0 cloak "Obbeus" {rF- rN++ Regen+}
 49749 | Shoals:1 | Received a gift from Trog
 50113 | Shoals:1 | Identified the +11 glaive of Apuleho {flame, Contam rC++
                  | rN+++}
 50198 | Shoals:1 | Found a runed translucent door.
 50198 | Shoals:1 | Noticed Zugaegat's ghost (journeyman DEDe)
 50996 | Shoals:1 | Killed Zugaegat's ghost
 52631 | Shoals:3 | Found Cenaka Ubagi's Distillery.
 52683 | Shoals:3 | Found Tyruimy's Jewellery Shoppe.
 52932 | Shoals:3 | Found Aklalaen's Antique Armour Shoppe.
 52962 | Shoals:3 | Bought a pair of glowing boots for 292 gold pieces
 53056 | Shoals:3 | Received a gift from Trog
 53178 | Shoals:3 | Found Yroqinox's Distillery.
 53270 | Shoals:3 | Found Kuhich's Book Shop.
 53305 | Shoals:4 | Entered Level 4 of the Shoals
 54128 | Shoals:4 | Reached XP level 19. HP: 85/191 MP: 18/18
 54134 | Shoals:4 | HP: 8/191 [harpy (9)]
 54590 | Shoals:4 | Got a barnacled rune of Zot
 54876 | Shoals:4 | Received a gift from Trog
 55058 | Shoals:4 | Identified the +0 cloak "Urocag" {+Inv rC- Str+7 Int-4}
 55535 | Shoals:4 | Noticed Roxanne
 55738 | Shoals:4 | Noticed Mara
 55750 | Shoals:4 | Noticed cforsyth's illusion
 55769 | Shoals:4 | Killed Mara
 56692 | Vaults:1 | Entered Level 1 of the Vaults
 57413 | Vaults:1 | Received a gift from Trog
 58973 | Vaults:1 | Paralysed by a great orb of eyes for 4 turns
 58979 | Vaults:1 | Identified the +8 shortbow "Jeuluniu" {vorpal, Int+7}
 59020 | Vaults:1 | Identified the +11 hand axe of Blood-Lust {flame, *Noise
                  | MP-9 Dex+7 Stlth+}
 59022 | Vaults:1 | Identified the ring "Vyxaga Fiadd" {rC- rCorr Int+6 Stlth+}
 59037 | Vaults:1 | HP: 5/195 [storm dragon/bolt of lightning (51)]
 59505 | Vaults:1 | Found Fyacvoj's Antique Armour Emporium.
 59535 | Vaults:1 | Reached XP level 20. HP: 186/203 MP: 19/19
 59564 | Vaults:1 | Received a gift from Trog
 61325 | Vaults:2 | Found a staircase to the Crypt.
 61538 | Abyss:3  | Cast into level 3 of the Abyss (a wizard)
 61640 | Abyss:3  | Lost intelligence.
 61657 | Abyss:3  | Received a gift from Trog
 61805 | Vaults:2 | Escaped the Abyss
 62446 | Vaults:2 | Found Yfatt's Jewellery Shoppe.
 62504 | Vaults:2 | Found a transporter.
 62733 | Vaults:2 | Found Adarokel's General Store.
 62777 | Vaults:2 | Found Uceng's Weapon Shoppe.
 62831 | Vaults:2 | Found Ceewow's Antique Armour Boutique.
 63614 | Vaults:3 | Received a gift from Trog
 63961 | Vaults:3 | Found a runed translucent gate.
 63961 | Vaults:3 | Found a runed translucent gate.
 63961 | Vaults:3 | Found a runed translucent gate.
 63961 | Vaults:3 | Noticed cforsyth's ghost (adept MiBe)
 64959 | Vaults:3 | Identified the ring of the Komodo Dragon {+Blink Fly rElec
                  | Will+ Int+4 Dex+4}
 65950 | Vaults:3 | Reached XP level 21. HP: 173/215 MP: 20/20
 66573 | Vaults:4 | Identified the +3 cloak "Gywk" {-Cast rPois rCorr Dex+4}
 67505 | Vaults:3 | Received a gift from Trog
 68697 | Elf:1    | Entered Level 1 of the Elven Halls
 69083 | Elf:1    | Paralysed by an air elemental for 1 turns
 69765 | Elf:1    | Identified the +8 trident "Xaud" {venom, Fragile Int+4
                  | Dex+3}
 69857 | Elf:1    | Identified the +8 chain mail of the Salamander {rElec rC+
                  | Int-4}
 70488 | Elf:2    | Identified the +6 war axe "Omoopat" {flame, Dex+4 SInv
                  | Stlth+} (Trog gifted it to you on level 2 of the Elven
                  | Halls)
 70488 | Elf:2    | Received a gift from Trog
 70584 | Elf:2    | Paralysed by an air elemental for 1 turns
 70928 | Elf:2    | Found Huhaag's Gadget Gallery.
 71123 | Elf:2    | Reached skill level 1 in Evocations
 71337 | Elf:2    | Found a runed translucent gate.
 71358 | Elf:2    | Found a runed translucent gate.
 71358 | Elf:2    | Found a runed translucent gate.
 72368 | Elf:2    | Received a gift from Trog
 72588 | Elf:3    | Entered Level 3 of the Elven Halls
 73678 | Elf:3    | Paralysed by an air elemental for 1 turns
 73683 | Elf:3    | Paralysed by an air elemental for 1 turns
 73971 | Elf:3    | Received a gift from Trog
 74149 | Elf:3    | Identified the +8 war axe "Ultimatum" {venom, rElec}
 74264 | Elf:3    | Paralysed by an air elemental for 1 turns
 74360 | Elf:3    | Reached skill level 5 in Evocations
 74363 | Elf:3    | Reached XP level 22. HP: 102/227 MP: 21/21
 75072 | Elf:3    | Identified the +7 long sword of Stickiness {freeze, rElec
                  | rPois}
 75072 | Elf:3    | Identified the ring "Peffeka" {Str+3 Slay+4}
 75517 | Elf:3    | Identified the amulet "Ytobuj" {RegenMP Rampage Str+4}
 75730 | Elf:3    | Identified the +1 chain mail "Sazoe" {Str+2}
 76094 | Elf:3    | Identified the +4 lajatang "Hauphusk" {antimagic, rCorr}
 76104 | Elf:3    | Received a gift from Trog
 76937 | Depths:1 | Entered Level 1 of the Depths
 77230 | Slime:1  | Entered Level 1 of the Pits of Slime
 77237 | Lair:4   | Reached skill level 10 in Shields
 77266 | Slime:1  | Gained mutation: You occasionally lose the ability to drink
                  | potions when taking damage. [a shining eye]
 77658 | Slime:2  | Noticed Dissolution
 77835 | Slime:1  | Paralysed by a floating eye for 2 turns
 77969 | Slime:2  | Killed Dissolution
 78539 | Slime:1  | Gained mutation: You sometimes lose your temper in combat.
                  | [a shining eye]
 78543 | Slime:1  | Gained mutation: You occasionally shout uncontrollably at
                  | your foes. [a shining eye]
 78619 | Slime:1  | Received a gift from Trog
 79694 | Slime:4  | Paralysed by a floating eye for 3 turns
 79704 | Slime:4  | Paralysed by a floating eye for 2 turns
 79709 | Slime:4  | Paralysed by a floating eye for 3 turns
 80249 | Slime:4  | Paralysed by a floating eye for 3 turns
 80489 | Slime:4  | Paralysed by a floating eye for 4 turns
 80885 | Slime:4  | Paralysed by a floating eye for 3 turns
 80962 | Slime:4  | Reached skill level 27 in Fighting
 81109 | Slime:4  | Gained mutation: You are robust. (+10% HP) [a shining eye]
 81116 | Slime:4  | Lost mutation: You are robust. (+10% HP) [a shining eye]
 81578 | Slime:4  | Identified the +6 broad axe of Execution {vorpal, rN+
                  | Str+7} (Trog gifted it to you on level 4 of the Pits of
                  | Slime)
 81578 | Slime:4  | Received a gift from Trog
 81917 | Slime:3  | Gained mutation: You are dopey. (Int -2) [a shining eye]
 81955 | Slime:3  | Gained mutation: You passively map a small area around you.
                  | [a shining eye]
 82206 | Slime:3  | Reached skill level 10 in Evocations
 82416 | Slime:5  | Entered Level 5 of the Pits of Slime
 82426 | Slime:5  | Gained mutation: Your body sometimes deteriorates upon
                  | taking damage. [a shining eye]
 82429 | Slime:5  | Gained mutation: You sometimes lose the ability to drink
                  | potions when taking damage. [a shining eye]
 82440 | Slime:5  | Reached XP level 23. HP: 234/240 MP: 22/22
 82458 | Slime:5  | Noticed the Royal Jelly
 83735 | Slime:4  | Lost mutation: You occasionally shout uncontrollably at
                  | your foes. [potion of mutation]
 83735 | Slime:4  | Lost mutation: Your body sometimes deteriorates upon taking
                  | damage. [potion of mutation]
 83735 | Slime:4  | Lost mutation: You sometimes lose the ability to drink
                  | potions when taking damage. [potion of mutation]
 83735 | Slime:4  | Gained mutation: You have sharp toenails. [potion of
                  | mutation]
 83735 | Slime:4  | Lost mutation: You sometimes lose your temper in combat.
                  | [potion of mutation]
 83735 | Slime:4  | Gained mutation: You have hidden genetic potential. [potion
                  | of mutation]
 83736 | Slime:4  | Lost mutation: You occasionally lose the ability to drink
                  | potions when taking damage. [potion of mutation]
 83736 | Slime:4  | Lost mutation: You passively map a small area around you.
                  | [potion of mutation]
 83736 | Slime:4  | Gained mutation: Your muscles are strong. (Str +4, Int/Dex
                  | -1) [potion of mutation]
 83736 | Slime:4  | Gained mutation: You occasionally lose the ability to read
                  | scrolls when taking damage. [potion of mutation]
 83736 | Slime:4  | Gained mutation: You expend magic power (3 MP) to
                  | strengthen your wands. [potion of mutation]
 83882 | Slime:5  | Killed the Royal Jelly
 84508 | Slime:5  | Found the amulet of Vitality {RegenMP++ Regen++}
 84535 | Slime:5  | Identified the +5 flail "Xaatofos" {vorpal, rF+ Dex+8}
 84562 | Slime:5  | Identified the +6 war axe "Seor" {venom, Int+4}
 84564 | Slime:5  | Got a slimy rune of Zot
 84600 | Slime:5  | Identified the +0 ring mail of the Stonemason {rN+}
 84625 | Slime:5  | Identified the ring of Muzataul {rCorr Dex+4}
 84628 | Slime:5  | Identified the +10 long sword "Meemmeaps" {antimagic, rN++
                  | Str-3}
 85201 | Depths:1 | Lost mutation: You have hidden genetic potential. [potion
                  | of mutation]
 85201 | Depths:1 | Lost mutation: Your muscles are strong. (Str +4, Int/Dex
                  | -1) [potion of mutation]
 85201 | Depths:1 | Lost mutation: You are dopey. (Int -2) [potion of mutation]
 85201 | Depths:1 | Lost mutation: You occasionally lose the ability to read
                  | scrolls when taking damage. [potion of mutation]
 85201 | Depths:1 | Gained mutation: You have a pair of large horns on your
                  | head. [potion of mutation]
 85261 | Depths:1 | Found a one-way gate leading to the halls of Pandemonium.
 85699 | Depths:1 | Found a portal to a secret trove of treasure.
 85728 | Depths:1 | Found a gateway to Hell.
 85885 | Depths:1 | Found the +3 greatsling "Punk" {acid, rCorr}
 86089 | Depths:1 | Found a one-way gateway to a ziggurat.
 86113 | Depths:1 | Found Mopo's Book Emporium.
 86113 | Depths:1 | Found Cubum's Jewellery Boutique.
 86114 | Depths:1 | Found Veesysih's Book Emporium.
 86818 | Depths:2 | Received a gift from Trog
 86933 | Depths:2 | Noticed Vv
 86958 | Depths:2 | Killed Vv
 87745 | Depths:3 | Reached skill level 15 in Evocations
 88575 | Depths:3 | Received a gift from Trog
 88854 | Depths:3 | Reached XP level 24. HP: 237/249 MP: 22/22
 89243 | Depths:4 | Entered Level 4 of the Depths
 90140 | Depths:4 | Found an iron altar of Okawaru.
 90323 | Depths:4 | Identified the +5 great sword "Naer" {spect, *Slow rPois
                  | rN++ rCorr}
 90383 | Depths:4 | Received a gift from Trog
 91138 | Depths:4 | Found a gate to the Realm of Zot.
 91633 | Zot:1    | Entered Level 1 of the Realm of Zot
 94253 | Vaults:5 | Entered Level 5 of the Vaults
 94835 | Vaults:5 | Noticed Bai Suzhen
 94873 | Vaults:4 | Killed Bai Suzhen
 95199 | Vaults:5 | Reached skill level 15 in Shields
 95597 | Vaults:5 | Identified the ring "Vonnam" {Fire rElec Str+4}
 95609 | Vaults:5 | Received a gift from Trog
 95837 | Vaults:5 | Identified a scroll of acquirement
 95859 | Vaults:5 | Reached XP level 25. HP: 182/257 MP: 22/22
 96564 | Vaults:5 | Identified the ring "Riowi" {rCorr Str+6 Dex+3 Stlth+}
 96566 | Vaults:5 | Noticed a dread lich
 96574 | Vaults:5 | Killed a dread lich
 96655 | Vaults:5 | Received a gift from Trog
 96970 | Vaults:5 | Acquired 324 gold pieces
 97485 | Vaults:5 | Found Yzimopp's Weapon Boutique.
 97820 | Vaults:5 | Got a silver rune of Zot
 99447 | Zot:2    | You are sucked into a shaft and drop 2 floors!
 99454 | Zot:4    | Received a gift from Trog
100729 | Zot:2    | Identified the +9 halberd "Tucuat" {vorpal, rC+ rN+ Will+}
101190 | Zot:3    | Reached XP level 26. HP: 232/266 MP: 22/22
101468 | Zot:3    | Identified the +6 whip of Hatiur {freeze, Fragile rC+ Str+4
                  | Dex+4}
101751 | Zot:4    | Reached skill level 27 in Axes
101828 | Zot:4    | Received a gift from Trog
101875 | Zot:4    | Reached XP level 27. HP: 273/273 MP: 22/22
102630 | Zot:5    | Entered Level 5 of the Realm of Zot
103253 | Hell     | Entered the Vestibule of Hell
103253 | Hell     | Noticed Geryon
103946 | Hell     | Killed Geryon
104269 | Hell     | Found a gateway to the ashen valley of Gehenna.
104319 | Hell     | Found a gateway to the decaying netherworld of Tartarus.
104360 | Hell     | Found a gateway to the freezing wastes of Cocytus.
104590 | Hell     | Received a gift from Trog
104611 | Hell     | Found a gateway to the Iron City of Dis.
105100 | Zot:5    | Noticed an orb of fire
105115 | Zot:5    | Gained mutation: You are clumsy. (Dex -2) [an orb of fire]
105116 | Zot:5    | Gained mutation: You are dopey. (Int -2) [an orb of fire]
105118 | Zot:5    | Killed an orb of fire
105126 | Zot:5    | Noticed an orb of fire
105135 | Zot:5    | Killed an orb of fire
105712 | Zot:5    | Noticed an orb of fire
105717 | Zot:5    | Reached skill level 27 in Armour
105717 | Zot:5    | Noticed an orb of fire
105723 | Zot:5    | Gained mutation: Your magical capacity is low. (-10% MP)
                  | [an orb of fire]
105724 | Zot:5    | Noticed an orb of fire
105725 | Zot:5    | Gained mutation: You are frail. (-10% HP) [an orb of fire]
105726 | Zot:5    | Noticed an orb of fire
105728 | Zot:5    | Gained mutation: Your body sometimes deteriorates upon
                  | taking damage. [an orb of fire]
105729 | Zot:5    | Gained mutation: You are very clumsy. (Dex -4) [an orb of
                  | fire]
105730 | Zot:5    | Gained mutation: Armour fits poorly on your strangely
                  | shaped body. [mutagenic glow]
105762 | Zot:4    | Gained mutation: You are very frail. (-20% HP) [mutagenic
                  | glow]
105835 | Zot:5    | Gained mutation: Your magical capacity is very low. (-20%
                  | MP) [an orb of fire]
105838 | Zot:5    | Noticed an orb of fire
105842 | Zot:5    | HP: 2/327 [orb of fire/bolt of fire (28)]
105842 | Zot:5    | Killed from afar by an orb of fire

Illustrated notes

Levels and vault maps discovered:
D:1:      wheals_arrival_shading, layout_basic, minmay_misc_feat_roman
D:2:      layout_basic, shapermc_ecumenical_altar_acropolis,
          serial_co_window_serial, co_window_paths_b, co_window_corner_a,
          co_window_corner_a, co_window_paths_a, co_window_corner_a,
          co_window_broadway_b, co_window_2corner, co_window_corner_ca,
          co_window_broadway_a, co_window_paths_e, glass_columns_b,
          glass_columns_c, glass_columns_b, glass_columns_a, basic_altar,
          st_stairs_4
D:3:      layout_loops_ring, portal_sewer_entry_e, uniq_robin, uniq_terence,
          uniq_sigmund
D:4:      layout_basic, serial_shops, shop_fountains, minmay_snake_closets,
          uniq_blork_the_orc
D:5:      layout_gridville, uniq_crazy_yiuf_cottage, uniq_pikel
D:6:      layout_loops_ring, minmay_temple_entry_mini_moons
D:7:      layout_layer_cave
D:8:      layout_cave_pools, overflow_temple_1_default, serial_shops,
          nicolae_inconvenience_store, kennysheep_small_square
D:9:      layout_basic, old_standard_altar, dpeg_oklobed_lair
D:10:     layout_cave_pools, ploomutoo_gammafunk_ghost_potion_laboratory,
          uniq_erolcha
D:11:     layout_roguey
D:12:     minmay_the_grid_triangle_9x9_rhombus_full_mashed
          [minmay_the_grid_triangle_9x9_corrupted_corridor,
          minmay_the_grid_triangle_9x9_stretched_checkered,
          minmay_the_grid_triangle_9x9_minimal,
          minmay_the_grid_triangle_9x9_cache,
          minmay_the_grid_triangle_9x9_sparse_checkered,
          minmay_the_grid_triangle_9x9_odd_lines,
          minmay_the_grid_triangle_9x9_empty,
          minmay_the_grid_triangle_9x9_prize_schism], layout_basic,
          zombieorc2_lemuel, ebering_ghost_disaster_area
D:13:     minmay_expanding_squares, layout_rooms, hellmonk_guarded_unrand_vines
D:14:     layout_irregular_city, erik_vaults_2, nicolae_vehumet_radiance,
          minmay_librarian
D:15:     gammafunk_depths_entry_grave, layout_rooms, fountainhead,
          minmay_misc_feat_doors, nicolae_yredelemnul_ghost_church
Lair:1:   layout_layer_cave, serial_forest, infiniplex_forest_clump_double,
          infiniplex_forest_end_3, infiniplex_forest_diagonal,
          infiniplex_forest_clump_medium, infiniplex_forest_straight_5,
          infiniplex_forest_end_2, infiniplex_forest_lined_4_way,
          infiniplex_forest_lined_3_way, infiniplex_forest_straight_4,
          grunt_megastairs_4
Lair:2:   layout_cave_pods
Lair:3:   layout_loops_ring, elwin_shoals_entry_rocks, dummy_snake_entry,
          serial_bayou_lagoon_a, hangedman_lair_generics_rect
Lair:4:   layout_cave_pods, slime_entry_1, minmay_stone_trees_small,
          minivault_23, beast_lair_carwin_2, lemuel_fruit_tree,
          infiniplex_staircase_pool_2
Lair:5:   hellmonk_lair_end_abyssal_woods, layout_regular_city,
          serial_bayou_shore_a, uniq_josephine, uniq_nessos
Shoals:1: cheibrodos_shoals_three_sisters, layout_shoals, gammafunk_ghost_grave,
          nicolae_shoals_square_sea_wall, argonaut_gorgonesque
Shoals:2: layout_shoals, abandoned_shop, nicolae_shoals_land_atoll,
          nicolae_shoals_this_corrosion
Shoals:3: layout_shoals, serial_shops, shop_fountains, shop,
          nicolae_shop_waterfront, nicolae_take_the_stairs,
          nicolae_stop_n_shop_2
Shoals:4: shoals_end_hangedman, layout_shoals, uniq_mara, uniq_roxanne
Snake:1:  layout_chambers, portal_ice_cave_entry_frozen_things,
          minmay_shop_star, uniq_aizul
Snake:2:  layout_basic, basic_altar, uniq_vashnia, uniq_mlioglotl, uniq_louise
Snake:3:  nicolae_snake_attic_fulla_snakes, layout_chambers
Snake:4:  minmay_snake_end_coiled, layout_cave_shapes,
          hellmonk_ghost_happy_afterlife
Slime:1:  cheibrodos_slime_lost_civilization_2, layout_caves
Slime:2:  cheibrodos_slime_lost_civilization_9, layout_caves, uniq_dissolution
Slime:3:  layout_caves
Slime:4:  layout_caves, special_room [special_room_jelly]
Slime:5
Orc:1:    layout_caves
Orc:2:    st_orc_ogre_mass, layout_caves
Elf:1:    elf_arrival_002, layout_geoelf_octagon, minmay_elf_sorcery
Elf:2:    nicolae_elf_blades_splatter_lattice
          [nicolae_vaults_blade_armed_guards], layout_loops_corners,
          nicolae_shop_gadgets
Elf:3:    minmay_elf_hall_four_x, layout_geoelf_diagonals
Vaults:1: vaults_dpeg_doors, vaults_room_mumra_shop_pool, st_greater_box_3,
          hangedman_vaults_pinch, ontoclasm_vaults_bender,
          ontoclasm_vaults_twist, vaults_mumra_minichess,
          nicolae_vaults_border_crossing, nicolae_vaults_alarming,
          layout_vaults_omnicross
Vaults:2: v_misc_14, emtedronai_trogs_sanctum, v_misc_16,
          hangedman_vaults_slither, vaults_dpeg_diagonal, v_pattern_5,
          nicolae_vaults_theta, grunt_vaults_bifocal,
          minmay_crypt_entry_nasty_monster, vaults_mumra_hex,
          nicolae_vaults_three_branches, layout_vaults_omnibox, serial_shops,
          shop_statue, nicolae_shop_trees, nicolae_square_shop,
          nicolae_diamond_shop
Vaults:3: gammafunk_ghost_split, ontoclasm_vaults_ring_square, v_misc_33,
          grunt_vaults_trifunnel, hangedman_vaults_hard_town_square,
          hangedman_vaults_trim, v_misc_14, nicolae_vaults_little_squares_4,
          v_misc_30, vaults_room_octagon, grunt_vaults_twisty, v_misc_14,
          v_misc_3, v_misc_22, layout_vaults_maze_snakey
Vaults:4: vaults_mumra_minichess_inversion, vaults_room_boxed,
          ontoclasm_vaults_gateway, v_misc_5, v_misc_8, layout_vaults_omnigrid
Vaults:5: uniq_bai_suzhen
Depths:1: layout_honeycomb, enter_ziggurat_b, hangedman_coc_ice_floe,
          nicolae_trove_entry_isolated, rand_demon_pan_entry_5,
          nicolae_figureground_sparkle, minmay_shop_grove
Depths:2: nicolae_cairo_tiling_very_big, layout_long_grid, minmay_misc_feat_iff,
          pan_entry, hell_entry, abyss_entry, minivault_10,
          kennysheep_generic_room_14, uniq_vv
Depths:3: minmay_spriggan_fort, layout_cave_pools, abyss_entry,
          grunt_hell_entry_dis_old, serial_column_ruins,
          column_ruins_portal_hut, column_ruins_courtyard_long,
          column_ruins_grid_2, column_ruins_columns_straight,
          column_ruins_open_large, column_ruins_open_small, serial_bayou_pond_a
Depths:4: grunt_twist_and_shout, layout_cave_pools, okawaru_trees_2, hell_entry,
          grunt_decor_cap, serial_bayou_shore_b
Hell
Zot:1:    layout_basic, hangedman_zot_decor_scrapings, uniq_josephina
Zot:2:    layout_gridlike, grunt_megastairs_2
Zot:3:    layout_cathedral_of_symmetry, grunt_ministairs_9,
          st_single_dragon_hoard_3
Zot:4:    layout_gridlike, st_small_dragon_hoard_3
Zot:5:    layout_twisted_circle

Skill      XL: |  1  2  3  4  5  6  7  8  9 10 11 12 13 14 15 16 17 18 19 20 21 22 23 24 25 26 27 |
---------------+----------------------------------------------------------------------------------+-----
Fighting       | 4 5 6 7 9 10 12 13 14 16 17 18 20 21 23 24 25 27 | 27.0
Axes           | 4 5 6 8 9 10 12 13 14 16 17 18 21 26 27 | 27.0
Armour         | 3 4 5 7 8 10 11 13 14 16 17 18 20 21 23 24 25 27 | 27.0
Dodging        | 3 4 5 6 8 9 11 12 13 14 15 17 18 20 21 22 23 25 | 25.0
Shields        | 1 5 8 10 15 | 15.0
Evocations     | 5 10 16 | 16.3

Action                   |  1- 3 |  4- 6 |  7- 9 | 10-12 | 13-15 | 16-18 | 19-21 | 22-24 | 25-27 || total
-------------------------+-------+-------+-------+-------+-------+-------+-------+-------+-------++-------
Melee: Hand axe          |    61 |   137 |   289 |       |       |       |       |       |       ||   487
       Headbutt          |     7 |    17 |    67 |   142 |   240 |   279 |   377 |   494 |   348 ||  1971
       Punch             |       |     1 |     4 |     3 |       |       |       |       |       ||     8
       War axe           |       |       |   104 |   565 |   287 |       |       |       |       ||   956
       Broad axe         |       |       |       |       |   678 |  1194 |  1348 |  1371 |   990 ||  5581
Invok: Berserk           |     1 |     2 |    10 |    11 |    15 |     3 |     8 |     5 |     1 ||    56
       Trog's Hand       |       |       |     1 |     2 |     7 |     3 |    14 |    15 |     2 ||    44
       Brothers in Arms  |       |       |       |       |       |       |       |     1 |       ||     1
  Use: Potion            |       |     1 |       |       |     1 |     1 |    11 |     3 |     1 ||    18
       Scroll            |       |       |    16 |     9 |     9 |     7 |    13 |    15 |     3 ||    72
 Stab: Distracted        |       |       |       |       |       |       |     1 |     1 |       ||     2
Armor: Animal skin       |    18 |    22 |    10 |       |       |       |       |       |       ||    50
       Plate armour      |       |       |   233 |   365 |   510 |   442 |   519 |   498 |       ||  2567
       Gold dragon scale |       |       |       |       |       |       |       |   121 |   548 ||   669
Dodge: Dodged            |    36 |    76 |   189 |   246 |   381 |   454 |   543 |   880 |   686 ||  3491
Block: Other             |       |       |       |    72 |       |       |       |       |       ||    72
       Buckler           |       |       |       |   125 |   368 |       |       |       |       ||   493
       Reflection        |       |       |       |       |    27 |   119 |    93 |    27 |       ||   266
       Kite shield       |       |       |       |       |   125 |   869 |   950 |  1104 |   741 ||  3789

Table legend: (Time is in decaauts)
 A = Elapsed time spent in this place.
 B = Non-inter-level travel time spent in this place.
 C = Inter-level travel time spent in this place.
 D = Time resting spent in this place.
 E = Time spent auto-exploring this place.
 F = Levels seen in this place.
 G = Mean time per level.
                   A        B        C        D        E       F      G
               +--------+--------+--------+--------+--------+-----+--------+
         Total | 106440 |  99585 |   6855 |  42949 |  34879 |  56 | 1900.7 |
       Dungeon |  23750 |  20989 |   2761 |   7256 |  10538 |  15 | 1583.3 |
          Lair |  10366 |   9559 |    807 |   3382 |   4648 |   5 | 2073.2 |
        Shoals |   7594 |   7452 |    142 |   3552 |   1253 |   4 | 1898.5 |
     Snake Pit |  11633 |  11454 |    179 |   5673 |   3713 |   4 | 2908.2 |
    Slime Pits |   7685 |   7546 |    139 |   3965 |   1880 |   5 | 1537.0 |
  Orcish Mines |   3064 |   2798 |    266 |   1403 |    867 |   2 | 1532.0 |
   Elven Halls |   7431 |   7156 |    275 |   3191 |   2236 |   3 | 2477.0 |
        Vaults |  15793 |  14930 |    863 |   7552 |   3788 |   5 | 3158.6 |
        Depths |   8200 |   7598 |    602 |   3769 |   2393 |   4 | 2050.0 |
          Hell |    657 |    646 |     11 |     68 |    224 |   1 |  657.0 |
           Zot |   6783 |   5976 |    807 |   1547 |   2417 |   5 | 1356.6 |
         Abyss |    330 |    330 |      0 |     72 |      0 |   1 |  330.0 |
         Sewer |   1925 |   1925 |      0 |    889 |    632 |   1 | 1925.0 |
      Ice Cave |   1224 |   1224 |      0 |    623 |    288 |   1 | 1224.0 |
               +--------+--------+--------+--------+--------+-----+--------+

Top non-repeatable levels by time:
Vaults:1: 4609 daAuts
 Snake:3: 3989 daAuts
 Snake:4: 3948 daAuts
   Elf:3: 3626 daAuts
Shoals:4: 3104 daAuts
Vaults:3: 3087 daAuts
Vaults:5: 2780 daAuts
Vaults:2: 2764 daAuts
  Lair:5: 2715 daAuts
    D:10: 2688 daAuts
 Slime:4: 2653 daAuts
Vaults:4: 2550 daAuts
    D:12: 2432 daAuts
   Elf:2: 2354 daAuts
Depths:3: 2332 daAuts
